[Event "Titled Tuesday Blitz February 14 Early 2023"]
[White "Oro, Faustino"]
[Black "Turzo, Attila"]
[WhiteFideId "20000197"]
[BlackFideId "704954"]
[WhiteElo "2269"]
[BlackElo "2279"]
[Result "0-1"]
[Round "07"]
[TimeControl "180+2"]
[Date "2023.02.15"]
[WhiteClock "0:00:15"]
[BlackClock "0:00:49"]

1. Nf3 c5 2. e4 d6 3. d4 cxd4 4. Nxd4 Nf6 5. Nc3 a6 6. f3 e5 7. Nb3 Be6 8. Be3 Nbd7 9. Qd2 h5 10. Nd5 Nxd5 11. exd5 Bf5 12. Bd3 Bxd3 13. Qxd3 Be7 14. c4 a5 15. O-O O-O 16. Nd2 Bg5 17. Bf2 Bxd2 18. Qxd2 Qc7 19. b3 Nc5 20. Rfe1 b6 21. Rad1 f5 22. Kh1 f4 23. Qc2 Qf7 24. a3 Qf5 25. Qxf5 Rxf5 26. b4 axb4 27. axb4 Nd7 28. Ra1 Rff8 29. Kg1 Kf7 30. Kf1 Rfc8 31. Rxa8 Rxa8 32. Rc1 Ra4 33. Be1 g5 34. Ke2 Ra2+ 35. Bd2 g4 36. Kd3 Kg6 37. Rc2 Rxc2 38. Kxc2 Kf5 39. Kd3 h4 40. Be1 h3 41. fxg4+ Kxg4 42. gxh3+ Kxh3 43. Ke4 Kxh2 44. Kf5 f3 45. Ke6 e4 46. Kxd7 e3 47. c5 bxc5 48. bxc5 dxc5 49. Kc6 f2 50. Bc3 f1=Q 51. d6 Qf3+ 52. Kc7 e2 53. d7 Qxc3 54. d8=Q Qa5+ 0-1


[Site "https://www.chess.com"]

[Event "Titled Tuesday Blitz February 14 Early 2023"]
[White "Bychkov, Vladimir"]
[Black "Md, Imran"]
[WhiteFideId "24151513"]
[BlackFideId "25748580"]
[WhiteElo "2225"]
[BlackElo "2284"]
[Result "0-1"]
[Round "07"]
[TimeControl "180+2"]
[Date "2023.02.15"]
[WhiteClock "0:00:59"]
[BlackClock "0:01:15"]

1. e4 c5 2. Nf3 Nc6 3. b3 Nf6 4. e5 Nd5 5. Bb2 g6 6. g3 Bg7 7. Bg2 O-O 8. O-O d6 9. Re1 Bg4 10. c4 Nxe5 11. Bxe5 Bxe5 12. Rxe5 dxe5 13. cxd5 e4 14. Nc3 Bxf3 15. Bxf3 exf3 16. Qxf3 e6 17. h4 exd5 18. Nxd5 Qd6 19. h5 Rad8 20. Nf6+ Kg7 21. h6+ Kxh6 22. Kg2 Kg7 23. Rh1 Rh8 24. Ne4 Qe5 25. Rh4 Rd4 26. Rf4 Rf8 27. d3 Qd5 28. Qe2 f5 29. Qf3 fxe4 30. dxe4 Rxf4 0-1


[Site "https://www.chess.com"]

[Event "Titled Tuesday Blitz February 14 Early 2023"]
[White "Ramirez Allo, Eduardo"]
[Black "Dehtiarov, Roman"]
[WhiteFideId "2224178"]
[BlackFideId "14186640"]
[WhiteElo "2274"]
[BlackElo "2289"]
[Result "0-1"]
[Round "07"]
[TimeControl "180+2"]
[Date "2023.02.15"]
[WhiteClock "0:00:04"]
[BlackClock "0:00:14"]

1. Nf3 d5 2. c4 e6 3. g3 Nf6 4. Bg2 Be7 5. O-O O-O 6. d4 b6 7. cxd5 exd5 8. Nc3 Bb7 9. Bf4 Nbd7 10. Rc1 c6 11. Ne5 Re8 12. a3 Nf8 13. b4 Ng6 14. Nxg6 hxg6 15. Qb3 Bd6 16. Bxd6 Qxd6 17. e3 g5 18. Rfd1 g4 19. b5 Rac8 20. bxc6 Bxc6 21. Rc2 Qd7 22. Rdc1 Qf5 23. Ne2 Bd7 24. Nf4 Rxc2 25. Rxc2 Be6 26. Rc7 g5 27. Nxe6 fxe6 28. Qa4 Rf8 29. Qc2 Qxc2 30. Rxc2 Rf7 31. Kf1 Rb7 32. Ke2 Kf7 33. Kd3 Kg6 34. Rc8 Rh7 35. Ke2 Rxh2 36. Kf1 Rh7 37. Ke2 Kf5 38. Rf8 Kg6 39. Rc8 Rb7 40. Bf1 Ne4 41. Ke1 Rf7 42. Rc2 Rh7 43. Bd3 Rh1+ 44. Ke2 Ra1 45. Bxe4+ dxe4 46. Rc3 Kf6 47. Kd2 Ra2+ 48. Ke1 a5 49. Rb3 Ke7 50. Rxb6 Rxa3 51. Rb5 Kf6 52. Re5 a4 53. Rxe4 Ra1+ 54. Ke2 Ra2+ 55. Kf1 Rb2 56. Re5 a3 57. Ra5 a2 58. Kg2 Ke7 59. Ra6 Kd7 60. e4 Kc7 61. d5 exd5 62. exd5 Kb7 63. Ra4 Kb6 64. d6 Kc6 65. Ra6+ Kd7 66. Ra7+ Kxd6 67. Ra6+ Kc5 68. Ra5+ Kb4 69. Ra8 Kb3 70. Rb8+ Kc2 71. Ra8 Kb1 72. Rg8 a1=Q 73. Rxg5 Qa8+ 74. Kh2 Rxf2+ 75. Kg1 Qg2# 0-1


[Site "https://www.chess.com"]

[Event "Titled Tuesday Blitz February 14 Early 2023"]
[White "surrenderPLS"]
[Black "Csonka, Balazs"]
[BlackFideId "742910"]
[WhiteElo "2491"]
[BlackElo "2496"]
[Result "0-1"]
[Round "07"]
[TimeControl "180+2"]
[Date "2023.02.15"]
[WhiteClock "0:00:06"]
[BlackClock "0:00:02"]

1. e4 d5 2. exd5 Qxd5 3. Nc3 Qa5 4. d4 Nf6 5. Nf3 c6 6. Bc4 Bg4 7. h3 Bxf3 8. Qxf3 e6 9. O-O Nbd7 10. Re1 Be7 11. Bf4 O-O 12. Rad1 Rfe8 13. a3 Nb6 14. Bd3 Nbd5 15. Nxd5 cxd5 16. g4 Rac8 17. g5 Ne4 18. Bxe4 dxe4 19. Qxe4 Bxg5 20. Bxg5 Qxg5+ 21. Kh1 Qh5 22. Kh2 b5 23. Rg1 g6 24. c3 Red8 25. f4 Rd5 26. Rde1 a5 27. Qd3 Qh6 28. Qf3 b4 29. axb4 axb4 30. Rgf1 bxc3 31. bxc3 Qf8 32. Re5 Qa3 33. Rxd5 exd5 34. Qxd5 Rxc3 35. Qg2 Rd3 36. f5 Qd6+ 37. Kh1 Qxd4 38. f6 h5 39. Qg5 Rxh3+ 40. Kg2 Rd3 41. Qh6 Qg4+ 42. Kf2 Qf3+ 43. Ke1 Rd1# 0-1


[Site "https://www.chess.com"]

[Event "Titled Tuesday Blitz February 14 Early 2023"]
[White "Liyanage, Ranindu Dilshan"]
[Black "Degenbaev, Aziz"]
[WhiteFideId "9915834"]
[BlackFideId "13802640"]
[WhiteElo "2342"]
[BlackElo "2203"]
[Result "1-0"]
[Round "07"]
[TimeControl "180+2"]
[Date "2023.02.15"]
[WhiteClock "0:00:05"]
[BlackClock "0:00:04"]

1. d4 Nf6 2. Nc3 d5 3. Bf4 g6 4. e3 Bg7 5. Nf3 O-O 6. h3 c5 7. dxc5 Qa5 8. Bd3 Qxc5 9. O-O Nc6 10. e4 dxe4 11. Nxe4 Nxe4 12. Bxe4 Bxb2 13. Rb1 Bg7 14. Qe2 Re8 15. Rfd1 e5 16. Be3 Qe7 17. Rb5 Be6 18. Bc5 Qc7 19. Bd6 Qc8 20. Rdb1 b6 21. Qe1 f5 22. Bxc6 Qxc6 23. Ba3 Bc4 24. Rxe5 Bxe5 25. Nxe5 Qd5 26. f4 Ba6 27. Rd1 Qxa2 28. Rd7 Qxa3 29. Qh4 Qc5+ 30. Kh2 h5 31. Qf6 1-0


[Site "https://www.chess.com"]

[Event "Titled Tuesday Blitz February 14 Early 2023"]
[White "Kavutskiy, Konstantin"]
[Black "Escalona Landi, Samid Eduardo"]
[WhiteFideId "2026384"]
[BlackFideId "3937437"]
[WhiteElo "2414"]
[BlackElo "2218"]
[Result "0-1"]
[Round "07"]
[TimeControl "180+2"]
[Date "2023.02.15"]
[WhiteClock "0:00:06"]
[BlackClock "0:01:07"]

1. d4 g6 2. e4 Bg7 3. Nc3 d6 4. Be3 a6 5. Qd2 b5 6. a3 Bb7 7. f3 Nd7 8. g4 c5 9. d5 Ngf6 10. h4 h6 11. Nh3 Ne5 12. Be2 e6 13. g5 hxg5 14. Bxg5 exd5 15. exd5 Qc7 16. f4 Ned7 17. Qe3+ Kf8 18. O-O-O Re8 19. Qf3 b4 20. Na4 Qa5 21. b3 bxa3 22. Kb1 Nb6 23. Ka2 Nfxd5 24. Qd3 Nb4+ 0-1


[Site "https://www.chess.com"]

[Event "Titled Tuesday Blitz February 14 Early 2023"]
[White "Belozerov, Andrei"]
[Black "Khamdamova, Afruza"]
[WhiteFideId "4120213"]
[BlackFideId "14210444"]
[WhiteElo "2461"]
[BlackElo "2162"]
[Result "1-0"]
[Round "07"]
[TimeControl "180+2"]
[Date "2023.02.15"]
[WhiteClock "0:00:22"]
[BlackClock "0:00:47"]

1. e4 e6 2. d4 d5 3. Nd2 Nf6 4. e5 Nfd7 5. Bd3 c5 6. c3 Nc6 7. Ne2 f6 8. Nf4 Qe7 9. exf6 Nxf6 10. Nf3 cxd4 11. cxd4 Bd7 12. O-O Ne4 13. Re1 Qf6 14. Nh5 Qf7 15. Ng3 Nxg3 16. hxg3 Bd6 17. Ng5 Qf6 18. Qh5+ g6 19. Qh4 O-O-O 20. Bf4 Bxf4 21. Qxf4 Qxf4 22. gxf4 Rde8 23. Nf7 Nxd4 24. Nxh8 Rxh8 25. Rad1 Nc6 26. g3 Rf8 27. Kg2 Kc7 28. Re3 Kd6 29. Be2 a6 30. Bg4 h5 31. Be2 b5 32. Bd3 Rf6 33. Rde1 d4 34. Re5 Nxe5 35. fxe5+ Ke7 36. exf6+ Kxf6 37. f4 a5 38. Re5 b4 39. Rxa5 Bc6+ 40. Kf2 Bd5 41. Rxd5 exd5 42. a4 bxa3 43. bxa3 Ke6 44. Bxg6 Kd6 45. Bxh5 Kc5 46. Be2 Kb6 47. g4 Kc5 48. g5 Kd6 49. a4 Kc6 50. g6 1-0


[Site "https://www.chess.com"]

[Event "Titled Tuesday Blitz February 14 Early 2023"]
[White "Kochetov, Andrey"]
[Black "Aggelis, Nikolaos"]
[WhiteFideId "24130532"]
[BlackFideId "4213220"]
[WhiteElo "2165"]
[BlackElo "2270"]
[Result "0-1"]
[Round "07"]
[TimeControl "180+2"]
[Date "2023.02.15"]
[WhiteClock "0:00:11"]
[BlackClock "0:01:39"]

1. e4 c6 2. d4 d5 3. Nc3 dxe4 4. Nxe4 Nf6 5. Nxf6+ exf6 6. c3 Bd6 7. Bd3 O-O 8. Ne2 Qc7 9. f4 Re8 10. O-O Nd7 11. Ng3 Nf8 12. Nh5 Kh8 13. f5 Bxh2+ 14. Kh1 Bd6 15. Qg4 g6 16. Bh6 Be7 17. Bg7+ Kg8 18. Nxf6+ Bxf6 19. Bxf6 Qd6 20. Qh4 Re3 21. Bc4 Bxf5 22. Rxf5 gxf5 23. Qh6 Rg3 24. Rf1 Rg6 0-1


[Site "https://www.chess.com"]

[Event "Titled Tuesday Blitz February 14 Early 2023"]
[White "Jakubowski, Krzysztof"]
[Black "Manukyan, Artyom"]
[WhiteFideId "1112848"]
[BlackFideId "13305786"]
[WhiteElo "2486"]
[BlackElo "2110"]
[Result "1-0"]
[Round "07"]
[TimeControl "180+2"]
[Date "2023.02.15"]
[WhiteClock "0:00:15"]
[BlackClock "0:00:13"]

1. e4 c5 2. Nf3 d6 3. d4 cxd4 4. Nxd4 Nf6 5. Nc3 g6 6. Be3 Bg7 7. Be2 O-O 8. Qd2 Nc6 9. O-O-O d5 10. Kb1 Nxd4 11. Bxd4 Nxe4 12. Nxe4 dxe4 13. Qe3 Qa5 14. Bxg7 Kxg7 15. h4 Be6 16. a3 Rfd8 17. h5 Rxd1+ 18. Rxd1 Rd8 19. h6+ Kg8 20. Rxd8+ Qxd8 21. Qxa7 f5 22. b3 Qd2 23. Qxb7 Qxe2 24. Qxe7 Qd1+ 25. Kb2 Qd7 26. Qf6 Qf7 27. Qd8+ Qf8 28. Qxf8+ Kxf8 29. Kc3 Ke7 30. Kd4 Kd6 31. c4 Bd7 32. b4 Bc6 33. g3 g5 34. b5 Ba8 35. c5+ Ke6 36. a4 f4 37. gxf4 gxf4 38. c6 e3 39. fxe3 f3 40. Kd3 Kd6 41. e4 Kc5 42. Ke3 Kb4 43. e5 Kxa4 44. c7 Bb7 45. e6 Bc8 46. e7 1-0


[Site "https://www.chess.com"]

[Event "Titled Tuesday Blitz February 14 Early 2023"]
[White "Florescu, Codrut-Constantin"]
[Black "Eynullayev, Atilla"]
[WhiteFideId "1202200"]
[BlackFideId "13413570"]
[WhiteElo "2259"]
[BlackElo "2281"]
[Result "1-0"]
[Round "07"]
[TimeControl "180+2"]
[Date "2023.02.15"]
[WhiteClock "0:00:41"]
[BlackClock "0:00:04"]

1. e4 c5 2. Nf3 e6 3. d4 cxd4 4. Nxd4 a6 5. Bd3 Bc5 6. Nb3 Ba7 7. Qe2 Ne7 8. Be3 Nbc6 9. Bxa7 Rxa7 10. Nc3 O-O 11. O-O-O b5 12. f4 b4 13. Na4 d6 14. e5 d5 15. g4 Na5 16. Qe3 Ra8 17. Nbc5 Rb8 18. Rhf1 Bd7 19. f5 Bxa4 20. Nxa4 Nac6 21. f6 Ng6 22. fxg7 Kxg7 23. Bxg6 fxg6 24. Nc5 Qe7 25. Rf6 Rxf6 26. exf6+ Qxf6 27. Nd7 Qd8 28. Nxb8 Qxb8 29. Qxe6 Qf4+ 30. Kb1 Ne5 31. Qxd5 Kh6 32. Qd2 Kg5 33. Qxf4+ Kxf4 34. h3 Nf3 35. Rd7 h5 36. gxh5 gxh5 37. Rf7+ Kg3 38. Rxf3+ Kxf3 39. c4 bxc3 40. bxc3 Kg3 41. c4 Kxh3 42. c5 h4 43. c6 Kg3 44. c7 h3 45. c8=Q h2 46. Qc6 1-0


[Site "https://www.chess.com"]

[Event "Titled Tuesday Blitz February 14 Early 2023"]
[White "Balabayeva, Xeniya"]
[Black "Pajeken, Jakob Leon"]
[WhiteFideId "13719688"]
[BlackFideId "12942839"]
[WhiteElo "2191"]
[BlackElo "2417"]
[Result "0-1"]
[Round "07"]
[TimeControl "180+2"]
[Date "2023.02.15"]
[WhiteClock "0:00:05"]
[BlackClock "0:01:35"]

1. e4 e5 2. Nf3 Nc6 3. Bc4 Bc5 4. O-O Nf6 5. d3 d6 6. h3 a6 7. a4 h6 8. Nc3 Be6 9. Qe2 Bxc4 10. dxc4 Nd7 11. Be3 Bxe3 12. Qxe3 Nc5 13. Nd5 Ne6 14. b4 a5 15. b5 Nb8 16. Rad1 Nd7 17. Rfe1 b6 18. Nh2 O-O 19. Ng4 Qg5 20. Qg3 Rae8 21. h4 Qg6 22. Qh3 Kh8 23. Re3 f5 24. exf5 Qxf5 25. Rf3 Qxc2 26. Nde3 Qe4 27. Rxf8+ Rxf8 28. Nxh6 Ndc5 29. Nhf5 Nd4 30. h5 Nxf5 31. Nxf5 Qxf5 32. Qg3 Qf4 0-1


[Site "https://www.chess.com"]

[Event "Titled Tuesday Blitz February 14 Early 2023"]
[White "Tologon tegin, Semetei"]
[Black "Nguyen Hong Nhung"]
[WhiteFideId "13800574"]
[BlackFideId "12412201"]
[WhiteElo "2372"]
[BlackElo "2003"]
[Result "1-0"]
[Round "07"]
[TimeControl "180+2"]
[Date "2023.02.15"]
[WhiteClock "0:00:41"]
[BlackClock "0:00:03"]

1. Nf3 f5 2. d3 Nf6 3. Nc3 d6 4. e4 e5 5. exf5 Bxf5 6. d4 e4 7. Nh4 Bg4 8. Be2 Bxe2 9. Qxe2 d5 10. f3 Nc6 11. Be3 Qd7 12. fxe4 dxe4 13. O-O-O O-O-O 14. d5 Ne5 15. Bxa7 g5 16. Rhf1 Nfg4 17. Nf5 Bb4 18. Nxe4 Qa4 19. Kb1 Qxa7 20. h3 Nh2 21. Rh1 Rhf8 22. Nd4 Rxd5 23. Ne6 Rxd1+ 24. Qxd1 Re8 25. N4xg5 h6 26. Qh5 Qa4 27. Qxh6 Nc4 28. Qg7 Nd2+ 29. Ka1 Re7 30. Qf8+ Re8 31. Qf5 Kb8 32. Rxh2 Nc4 33. Rh1 Nd6 34. Qg4 Qa5 35. Rd1 Bc5 36. Nxc5 Qxc5 37. h4 Qc3 38. bxc3 1-0


[Site "https://www.chess.com"]

[Event "Titled Tuesday Blitz February 14 Early 2023"]
[White "Maksimenko, Viktor"]
[Black "Dragomirescu, Angela"]
[WhiteFideId "13710478"]
[BlackFideId "1209914"]
[WhiteElo "2196"]
[BlackElo "2130"]
[Result "1-0"]
[Round "07"]
[TimeControl "180+2"]
[Date "2023.02.15"]
[WhiteClock "0:00:09"]
[BlackClock "0:00:22"]

1. d4 Nf6 2. c4 e6 3. Nf3 Bb4+ 4. Bd2 Qe7 5. g3 Nc6 6. Nc3 d6 7. Bg2 Bxc3 8. Bxc3 Ne4 9. Rc1 O-O 10. d5 Nd8 11. dxe6 Nxe6 12. O-O Nxc3 13. Rxc3 a5 14. Nd4 Nc5 15. Rc1 Re8 16. Qc2 Bg4 17. Rfe1 Qf6 18. e3 Re7 19. b3 Rae8 20. h3 Bh5 21. Qd2 b6 22. Nc6 Re6 23. Qd4 Qxd4 24. Nxd4 Re5 25. Rc3 Bg6 26. Rd1 Be4 27. Nc6 Rf5 28. g4 Bxg2 29. Nd4 Bf3 30. Re1 Rf4 31. Rcc1 Nd3 32. exf4 Nxe1 33. Rc3 Bb7 34. Kh2 Ng2 35. Kg3 h6 36. Nb5 Re7 37. Nd4 g5 38. fxg5 hxg5 39. Nf5 Re6 40. Nd4 Re5 41. Nb5 Re7 42. Nd4 Nf4 43. h4 Ne2+ 44. Nxe2 Rxe2 45. hxg5 Rxa2 46. Re3 Rb2 47. f4 Rg2+ 48. Kh4 Rg1 49. f5 Rh1+ 50. Kg3 Rg1+ 51. Kf4 Rf1+ 52. Kg3 Rf3+ 53. Rxf3 Bxf3 54. Kxf3 c6 55. Ke4 b5 56. cxb5 cxb5 57. Kd5 Kg7 58. Kd4 Kf8 59. Kd5 Ke7 60. Kd4 Kd7 61. Kd5 Kd8 62. Kd4 Ke8 63. Kd5 f6 64. gxf6 Kf7 65. g5 Kf8 66. g6 Kg8 67. Ke6 a4 68. bxa4 bxa4 69. f7+ 1-0


[Site "https://www.chess.com"]

[Event "Titled Tuesday Blitz February 14 Early 2023"]
[White "Baches Garcia, Guillermo"]
[Black "Al-Tarboush, Ward"]
[WhiteFideId "2209764"]
[BlackFideId "7601450"]
[WhiteElo "2327"]
[BlackElo "2256"]
[Result "1-0"]
[Round "07"]
[TimeControl "180+2"]
[Date "2023.02.15"]
[WhiteClock "0:00:13"]
[BlackClock "0:00:17"]

1. e4 c5 2. Nf3 Nc6 3. d4 cxd4 4. Nxd4 Nf6 5. Nc3 e5 6. Ndb5 d6 7. Nd5 Nxd5 8. exd5 Nb8 9. a4 Be7 10. Be2 O-O 11. Bd2 Nd7 12. a5 a6 13. Na3 f5 14. Nc4 Nf6 15. Bb4 f4 16. Nxe5 dxe5 17. d6 Bxd6 18. Qxd6 Qxd6 19. Bxd6 Re8 20. O-O Bf5 21. c4 Rad8 22. c5 Ne4 23. Bc4+ Be6 24. Bxe6+ Rxe6 25. Bc7 Rd7 26. Bb6 Kf7 27. Rfd1 Nd2 28. f3 Ke7 29. Kf2 e4 30. fxe4 Nxe4+ 31. Kf3 Nd2+ 32. Kf2 Ne4+ 33. Kf3 g5 34. Rxd7+ Kxd7 35. h4 h6 36. hxg5 hxg5 37. Rh1 Kc6 38. Rh7 Nf6 39. Rc7+ Kb5 40. Rxb7 Re3+ 41. Kf2 Ne4+ 42. Kf1 Ng3+ 43. Kf2 Kc6 44. Rc7+ Kd5 45. c6 Rb3 46. Rc8 g4 47. c7 Rxb2+ 48. Ke1 Rb1+ 49. Kd2 Ne4+ 50. Kc2 Nd6 51. Rd8 Rb4 52. Rxd6+ Kxd6 53. c8=Q Kd5 54. Qxg4 f3 55. Qxb4 fxg2 56. Qc5+ Ke6 57. Qg1 Kd5 58. Kb1 Kc4 59. Ka2 Kb5 60. Ka1 Ka4 61. Qxg2 Kb3 62. Qg3+ Kc2 63. Qe5 Kd1 64. Qc5 Ke2 65. Ka2 Kd1 66. Ka3 Kd2 67. Kb4 Kd1 68. Qc3 Ke2 69. Kc5 Kd1 70. Kc6 Ke2 71. Kb7 Kd1 72. Qb2 Ke1 73. Kxa6 Kd1 74. Kb7 Ke1 75. a6 1-0


[Site "https://www.chess.com"]

[Event "Titled Tuesday Blitz February 14 Early 2023"]
[White "Manukian, Artak"]
[Black "Demin, Vladimir"]
[WhiteFideId "13301373"]
[BlackFideId "4167457"]
[WhiteElo "2196"]
[BlackElo "2430"]
[Result "1/2-1/2"]
[Round "07"]
[TimeControl "180+2"]
[Date "2023.02.15"]
[WhiteClock "0:00:04"]
[BlackClock "0:00:34"]

1. e4 e5 2. Nf3 Nc6 3. d4 exd4 4. Nxd4 Bb4+ 5. c3 Bc5 6. Nxc6 bxc6 7. Bc4 Ne7 8. Bxf7+ Kxf7 9. Qh5+ Ng6 10. Qxc5 d6 11. Qxc6 Be6 12. O-O Rf8 13. f4 Ne7 14. Qa4 g6 15. Nd2 d5 16. Nf3 Kg8 17. Ng5 Qd6 18. e5 Qb6+ 19. Kh1 Nf5 20. b4 a5 21. b5 c5 22. bxc6 Rfe8 23. Ba3 h6 24. Rab1 Qc7 25. Rb7 Qc8 26. Nxe6 Rxe6 27. Qb5 Qxc6 28. Rb8+ Rxb8 29. Qxb8+ Kh7 30. Qf8 Qb5 31. Qf7+ Ng7 32. Rg1 Rb6 33. e6 Qe8 34. Qxe8 Nxe8 35. e7 Kg7 36. Rd1 Kf7 37. g3 Rc6 38. Rxd5 Rxc3 39. Rxa5 Rc2 40. f5 Rxa2 41. fxg6+ Kxg6 42. Bb4 Rb2 43. Bc3 Rc2 44. Be5 Kf7 45. Ra7 Re2 46. Bf4 h5 47. Kg1 Rxe7 48. Rxe7+ Kxe7 49. Kg2 Ke6 50. Kh3 Kf5 51. Kh4 Kg6 52. Be5 Kf5 53. Ba1 Kg6 54. Be5 Kf5 55. Kxh5 Kxe5 56. g4 Kf6 57. g5+ Kf7 58. Kh6 Kg8 59. h4 Nd6 60. h5 Nf5+ 61. Kg6 Ne7+ 62. Kf6 Nd5+ 63. Kf5 Ne7+ 64. Kf6 Nd5+ 65. Ke5 Ne7 66. g6 Kg7 67. Ke6 Nxg6 68. hxg6 Kxg6 1/2-1/2


[Site "https://www.chess.com"]

[Event "Titled Tuesday Blitz February 14 Early 2023"]
[White "Bochnicka, Vladimir"]
[Black "Sourath Biswas"]
[WhiteFideId "14943450"]
[BlackFideId "35091484"]
[WhiteElo "2327"]
[BlackElo "2281"]
[Result "1-0"]
[Round "07"]
[TimeControl "180+2"]
[Date "2023.02.15"]
[WhiteClock "0:00:08"]
[BlackClock "0:00:09"]

1. e4 c6 2. d4 d5 3. e5 Bf5 4. h4 h5 5. c4 e6 6. Nc3 Bb4 7. Bg5 Qb6 8. Nf3 Nh6 9. Bxh6 Rxh6 10. c5 Qc7 11. Bd3 Bg4 12. Qd2 Bxf3 13. gxf3 Rh8 14. a3 Bxc3 15. Qxc3 Nd7 16. Rg1 Kf8 17. f4 f5 18. Rg5 Kf7 19. Kd2 Nf8 20. b4 a6 21. Rag1 g6 22. Rb1 Qd8 23. a4 Nh7 24. b5 axb5 25. axb5 Nxg5 26. fxg5 Ra7 27. bxc6 bxc6 28. Rb6 Qc7 29. Qb4 Rha8 30. Ke3 Ke7 31. Be2 Kd7 32. Rxc6 Qxc6 33. Bb5 Rb7 34. Bxc6+ Kxc6 35. Qd2 Rb3+ 36. Ke2 Ra4 37. Qd1 Ra2+ 38. Kf1 Rbb2 39. Qe1 Ra4 40. Qc3 Rbb4 41. Qe3 Rxd4 42. Qe2 Ra1+ 43. Kg2 Rg4+ 44. Kh2 Rxh4+ 45. Kg3 Rg4+ 46. Kh2 Rb4 47. Qd2 Rb5 48. Qe2 Rab1 49. Qd2 R1b2 50. Qc3 Rxf2+ 51. Kg1 Rf4 52. Qa3 Rc4 53. Qa5 Kxc5 54. Qa7+ Kb4 55. Qe7+ Kb3 56. Qxe6 Rbb4 57. Qxd5 Kb2 58. e6 Ka2 59. e7 Ka3 60. e8=Q Rb1+ 61. Kf2 Rb2+ 62. Kf3 Rb3+ 63. Ke2 Rb2+ 64. Kd3 Ra4 65. Qc5+ Rbb4 66. Qee3 Ka2 67. Qd5+ Rb3+ 68. Qxb3+ Kxb3 69. Ke2+ Kb4 70. Qe6 Ra2+ 71. Kf3 Kc5 72. Qxg6 Ra3+ 73. Kf4 Ra6 74. Qxf5+ Kd4 75. g6 Ra8 76. g7 Rg8 77. Qf7 Rf8 78. gxf8=Q 1-0


[Site "https://www.chess.com"]

[Event "Titled Tuesday Blitz February 14 Early 2023"]
[White "Vovk, Orest"]
[Black "Womacka, Mathias"]
[WhiteFideId "14113490"]
[BlackFideId "4611390"]
[WhiteElo "2315"]
[BlackElo "2396"]
[Result "1-0"]
[Round "07"]
[TimeControl "180+2"]
[Date "2023.02.15"]
[WhiteClock "0:00:02"]
[BlackClock "0:00:03"]

1. h4 e5 2. h5 d5 3. h6 Nxh6 4. d4 Ng4 5. f3 Be7 6. g3 Nh6 7. Bxh6 gxh6 8. dxe5 Nc6 9. f4 f6 10. e4 Be6 11. f5 dxe4 12. fxe6 Qxd1+ 13. Kxd1 Nxe5 14. Nc3 O-O-O+ 15. Ke2 f5 16. Bh3 Rhf8 17. Rd1 c6 18. Rxd8+ Kxd8 19. Nd1 Bg5 20. Ne3 Bxe3 21. Kxe3 Ke7 22. Ne2 Kxe6 23. Nd4+ Kd5 24. Rd1 Nc4+ 25. Ke2 Nxb2 26. Rb1 Kxd4 27. Rxb2 b6 28. Rb3 h5 29. c3+ Ke5 30. Ke3 h4 31. gxh4 f4+ 32. Kf2 Rd8 33. Rb2 Rd3 34. Bf1 Rxc3 35. h5 f3 36. h6 Kf4 37. Rb4 Rc1 38. Bd3 Kg5 39. Rxe4 Kxh6 40. Kxf3 Kg5 41. Re7 Rc3 42. Ke3 Ra3 43. Rxh7 Rxa2 44. Rg7+ Kf6 45. Rc7 c5 46. Ke4 Ke6 47. Rc6+ Kd7 48. Bb5 Rb2 49. Rxc5+ 1-0


[Site "https://www.chess.com"]

[Event "Titled Tuesday Blitz February 14 Early 2023"]
[White "Cori T., Deysi"]
[Black "Hajiyev, Kanan"]
[WhiteFideId "3801934"]
[BlackFideId "13404148"]
[WhiteElo "2362"]
[BlackElo "2197"]
[Result "0-1"]
[Round "07"]
[TimeControl "180+2"]
[Date "2023.02.15"]
[WhiteClock "0:00:02"]
[BlackClock "0:00:06"]

1. d4 d5 2. Nf3 c5 3. e3 cxd4 4. exd4 Nc6 5. c3 Bg4 6. h3 Bh5 7. Bb5 e6 8. g4 Bg6 9. Ne5 Ne7 10. Bg5 Qb6 11. Qa4 Rc8 12. Nd2 a6 13. Bxc6+ Nxc6 14. Nxc6 Qxc6 15. Qxc6+ Rxc6 16. Be3 Bd6 17. f4 h5 18. Kf2 Kd7 19. Rag1 b5 20. Nf3 Be4 21. gxh5 Bxf3 22. Kxf3 Bf8 23. a4 bxa4 24. Ra1 a3 25. Bd2 axb2 26. Ra2 Rb6 27. Rb1 Rxh5 28. Kg4 g6 29. Raxb2 Rxb2 30. Rxb2 Kc7 31. Be1 Bd6 32. h4 Rh8 33. c4 dxc4 34. Rc2 Kb6 35. Rxc4 Ra8 36. Rc2 a5 37. Rb2+ Kc6 38. Kf3 a4 39. Ke4 a3 40. Ra2 Ra4 41. Kd3 Kd5 42. Bc3 Bxf4 43. Kc2 Bg3 44. Kb3 Ra8 45. Re2 a2 46. Ba1 Bxh4 47. Re5+ Kd6 48. Rb5 f5 49. Kc4 g5 50. Rb6+ Kc7 51. Rxe6 Rb8 52. d5 Rb1 53. Be5+ Kd7 54. Ra6 a1=Q 55. Bxa1 f4 56. Be5 Rb7 57. Rg6 f3 58. Rf6 f2 59. Rf7+ Kc8 60. Rf8+ Kd7 61. Rf7+ Ke8 0-1


[Site "https://www.chess.com"]

[Event "Titled Tuesday Blitz February 14 Early 2023"]
[White "Sowul, Bartosz"]
[Black "Kopczynski, Michal"]
[WhiteFideId "1137590"]
[BlackFideId "1124200"]
[WhiteElo "2269"]
[BlackElo "2225"]
[Result "1-0"]
[Round "07"]
[TimeControl "180+2"]
[Date "2023.02.15"]
[WhiteClock "0:00:10"]
[BlackClock "0:00:04"]

1. e4 b6 2. d4 Bb7 3. Nc3 e6 4. Nf3 Nf6 5. Bd3 d5 6. e5 Nfd7 7. O-O c5 8. Nb5 Nc6 9. c3 a6 10. Nd6+ Bxd6 11. exd6 h6 12. Re1 Qf6 13. Qe2 cxd4 14. cxd4 Nxd4 15. Nxd4 Qxd4 16. Be3 Qf6 17. Rac1 d4 18. Bd2 O-O 19. Rc7 Nc5 20. b4 Nxd3 21. Qxd3 Bd5 22. Rec1 Rad8 23. d7 e5 24. Qxa6 Qg6 25. Qf1 Be6 26. R1c6 Qh5 27. Rxb6 Rxd7 28. Rxd7 Bxd7 29. b5 Rc8 30. a4 Rc2 31. Bb4 e4 32. Rd6 e3 33. Rxd7 Rxf2 34. Qd3 g6 35. Qxd4 Kh7 36. Rd8 g5 37. Rh8+ Kg6 38. Rg8+ Kf5 39. Qd5+ Kf4 40. Bd6+ Kg4 41. h3+ Kh4 42. g3+ Kxh3 43. Qh1+ Kg4 44. Qxh5+ Kxh5 45. Re8 Ra2 46. Rxe3 Rxa4 47. b6 Ra1+ 48. Kf2 Rb1 49. Bc5 Rb2+ 50. Re2 Rb5 51. Rc2 Kg4 52. Be3 h5 53. Bd4 h4 54. gxh4 gxh4 55. Rb2 Rd5 56. b7 Rxd4 57. b8=Q Rf4+ 58. Kg2 h3+ 59. Kh2 Rf5 60. Qg8+ Kh5 61. Kxh3 Rf3+ 62. Kg2 Rf6 63. Qh8+ Kg6 64. Qxf6+ Kxf6 65. Kf3 Ke7 66. Ke4 1-0


[Site "https://www.chess.com"]

[Event "Titled Tuesday Blitz February 14 Early 2023"]
[White "Tymrakiewicz, Rafal"]
[Black "Shimelkov, Vasiliy"]
[WhiteFideId "1108832"]
[BlackFideId "13701630"]
[WhiteElo "2144"]
[BlackElo "2159"]
[Result "0-1"]
[Round "07"]
[TimeControl "180+2"]
[Date "2023.02.15"]
[WhiteClock "0:00:01"]
[BlackClock "0:00:41"]

1. e4 c5 2. c3 Nf6 3. e5 Nd5 4. Nf3 Nc6 5. d4 cxd4 6. cxd4 d6 7. Bc4 Nb6 8. Bb5 dxe5 9. Nxe5 Bd7 10. Nxd7 Qxd7 11. O-O e6 12. Qg4 g6 13. Nc3 Bg7 14. Rd1 O-O 15. d5 exd5 16. Qxd7 Nxd7 17. Nxd5 Nde5 18. Bg5 h6 19. Bf6 Bxf6 20. Nxf6+ Kg7 21. Ne4 Rfd8 22. Kf1 Nd4 23. Be2 Rac8 24. Rac1 Rxc1 25. Rxc1 Nec6 26. Nc5 b6 27. Ne4 f5 28. Nc3 g5 29. Rd1 Kf6 30. Ba6 Nb4 31. Bb7 Rd7 32. Bf3 g4 33. Ba8 Nbc2 34. a3 Ke5 35. Bc6 Rc7 36. Ba8 Rc8 37. Bb7 Rc5 38. Ba6 Nxa3 39. Bd3 Nc4 40. Re1+ Kf6 41. Bxc4 Rxc4 42. Nd5+ Kg5 43. g3 a5 44. Nf4 Rc2 45. Kg2 Rxb2 46. Rd1 Ne2 47. Rd6 Nxf4+ 48. gxf4+ Kxf4 49. Rxh6 a4 50. h3 a3 51. hxg4 a2 0-1


[Site "https://www.chess.com"]

[Event "Titled Tuesday Blitz February 14 Early 2023"]
[White "Grycel, Kamil"]
[Black "Ezat, Mohamed"]
[WhiteFideId "1115499"]
[BlackFideId "10600906"]
[WhiteElo "2315"]
[BlackElo "2402"]
[Result "1-0"]
[Round "07"]
[TimeControl "180+2"]
[Date "2023.02.15"]
[WhiteClock "0:00:22"]
[BlackClock "0:00:01"]

1. b3 d6 2. Bb2 Nc6 3. Nf3 e5 4. d4 e4 5. d5 exf3 6. dxc6 bxc6 7. gxf3 Nf6 8. Qd4 c5 9. Qe3+ Be6 10. c4 Be7 11. Rg1 g6 12. Nc3 a5 13. h4 h5 14. O-O-O a4 15. Nxa4 Rxa4 16. bxa4 Qa8 17. Rxg6 Qxa4 18. Rxf6 Qxc4+ 19. Kd2 Qxa2 20. Qc3 Bxf6 21. Qxf6 Rg8 22. Ra1 Qd5+ 23. Ke1 Kd7 24. e4 Qb3 25. Qc3 Rg1 26. Qxb3 Bxb3 27. Kd2 Rh1 28. Bf6 Ke6 29. Bc4+ Bxc4 30. Rxh1 Kxf6 31. Rg1 Be6 32. Rg5 1-0


[Site "https://www.chess.com"]